 Dungeon Sprint DCSS version 0.32-a0-928-g1cae6b7ea0 (webtiles) character file.

Game seed: 1311398537062194585

30074 retardedninja the Severer (level 13, 0/107 HPs)
             Began as a Coglin Fighter on Apr 11, 2024.
             Was a High Priest of Hepliaklqana.
             Slain by an emperor scorpion (14 damage)
             ... in the Dungeon (Sprint IX: "|||||||||||||||||||||||||||||") on Apr 12, 2024.
             The game lasted 00:15:15 (6392 turns).

retardedninja the Severer (Coglin Fighter)          Turns: 6392, Time: 00:15:16

Health: 0/107      AC: 19    Str: 17    XL:     13   Next: 49%
Magic:  13/13      EV:  7    Int:  8    God:    Hepliaklqana [*****.]
Gold:   986        SH:  0    Dex: 14    Spells: 12/12 levels left

rFire   + + .        p - +7 broad axe (heavy) {Arnulf}
rCold   . . .        t - +12 morningstar "Goblinbane" {freeze, rPois rF++ rCorr Str-4}
rNeg    . . .        k - +3 plate armour {Will+}
rPois   +            g - +0 helmet
rElec   .            n - +0 cloak
rCorr   +            (no gloves)
SInv    .            o - +0 pair of boots
Will    +....        (amulet unavailable) Stlth
                     (ring unavailable)
HPRegen 0.37/turn    (ring unavailable)
MPRegen 0.13/turn    (no gizmo)

%: no teleportation
@: lethally poisoned (0 -> -4), corroded, revving
A: reduced essence, off-hand wielding, slow wielding, warmup strikes, no
jewellery
a: Invent Gizmo, Renounce Religion, Recall Ancestor, Ancestor Identity,
Transference, Idealise


You were in the Dungeon.
You worshipped Hepliaklqana.
Hepliaklqana was extremely pleased with you.
You visited 1 branch You collected 1946 gold pieces.
You spent 960 gold pieces at shops.

Inventory:

Hand Weapons
 p - a +7 heavy broad axe (weapon) {Arnulf}
 t - the +12 morningstar "Goblinbane" (offhand) {freeze, rPois rF++ rCorr Str-4}
   (You found it in the Dungeon)

   Str-4:     It affects your strength (-4).
   rF++:      It greatly protects you from fire.
   rPois:     It protects you from poison.
   rCorr:     It protects you from acid and corrosion.
Missiles
 e - a throwing net (quivered)
Armour
 g - a +0 helmet (worn)
 k - a +3 plate armour of willpower (worn)
 n - a +0 cloak (worn)
 o - a +0 pair of boots (worn)
 s - a +1 helmet
Wands
 a - a wand of paralysis (6)
Scrolls
 d - 3 scrolls of identify
 j - a scroll of blinking
 l - 2 scrolls of amnesia
 q - a scroll of fog
Potions
 b - 2 potions of resistance
 c - 4 potions of mutation
 h - 4 potions of magic


   Skills:
 + Level 16.5 Fighting
 - Level 11.9 Long Blades
 + Level 18.0(19.0) Axes
 + Level 9.8(14.3) Maces & Flails
 + Level 15.6 Armour
 - Level 4.2 Dodging
 - Level 4.0 Stealth
 + Level 8.7 Shields
 - Level 1.0 Invocations
 - Level 7.1 Evocations


You had 12 spell levels left.
You didn't know any spells.
Your spell library was empty.

Dungeon Overview and Level Annotations

Branches:
Dungeon (1/1)

Altars:
Cheibriados
Dithmenos
Elyvilon
Fedhas
Gozag
Hepliaklqana
Kikubaaqudgha
Makhleb
Nemelex Xobeh
Okawaru
Qazlal
Ru
Sif Muna
Trog
Uskayaw
Vehumet
Wu Jian
Xom
Yredelemnul
Zin
The Shining One
Beogh
Jiyva
Lugonu

Shops:
D !:((


Innate Abilities, Weirdness & Mutations

Your life essence is reduced to manifest your ancestor. (-10% HP)
You can wield a second weapon in your off-hand.
It takes a long time for you to wield or remove held weapons.
Your first few attacks do less damage.
You cannot equip rings or amulets.


Message History

You hit the redback simulacrum with your +7 heavy broad axe.
You barely miss the emperor scorpion with your +7 heavy broad axe.
You thump the emperor scorpion with the +12 morningstar "Goblinbane"!
You freeze the emperor scorpion.
The emperor scorpion stings you but does no damage.
The emperor scorpion claws you but does no damage. x2
You slash the emperor scorpion with your +7 heavy broad axe!
The emperor scorpion is moderately wounded.
You puncture the emperor scorpion with the +12 morningstar "Goblinbane"!
You freeze the emperor scorpion.
The emperor scorpion completely misses you.
The emperor scorpion claws you.
The emperor scorpion claws you but does no damage.
You completely miss the emperor scorpion with the +12 morningstar "Goblinbane".
The emperor scorpion is heavily wounded.
You slash the emperor scorpion with your +7 heavy broad axe!
The emperor scorpion stings you!!
You are poisoned.
The emperor scorpion poisons you!
The emperor scorpion claws you but does no damage. x2
Aiming: Paralyse
Press: ? - help, Q - select action, (/) - cycle Shift-Dir - straight line, f - emperor scorpion
Aim: an emperor scorpion (grey smoke, heavily wounded, chance to affect: 31%)
Okay, then.
Blink to where?
Press: ? - help, Q - select action, (/) - cycle Dir - move target
As you read the scroll of blinking, it crumbles to dust.
You feel very sick.
You feel very sick.
You feel very sick.
You feel very sick.
You feel sick.
There is an open door to the Shoals, spattered with blood here.
Things that are here:
a +0 spear; a +0 spear; a merfolk corpse You feel sick.
The emperor scorpion attacks as it pursues you!
The emperor scorpion stings you!
You die...
Hepliaklqana delivers you to your ancestors.

▓.▓.▓.▓.▓.▓.▓.▓.▓.
▓.▓.▓.▓.▓.▓.▓'▓.▓.
▓.▓.▓.▓.▓.▓.▓.▓.▓.
▓.▓.▓'▓.▓.▓.▓.▓.▓.
▓.▓.▓=▓.▓.▓.▓.▓.▓)
▓.▓.▓=▓.▓.▓.▓.▓.▓.
▓.▓.▓=▓.▓.▓.▓.▓.▓.
▓.▓.▓=▓.▓'▓.▓.▓.▓.
▓@▓.▓.▓.▓)▓.▓.▓.▓.
▓s▓.▓)▓.▓[▓.▓(▓.▓.
▓§▓.▓)▓.▓)▓.▓.▓.▓'
▓s▓.▓)▓.▓.▓.▓.▓.▓_
▓§▓.▓)▓.▓.▓.▓.▓.▓_
▓§▓.▓)▓.▓)▓.▓.▓.▓_
▓§▓.▓)▓.▓)▓.▓.▓.▓_
▓§▓.▓)▓.▓.▓.▓÷▓.▓_
▓§▓.▓)▓.▓.▓.▓÷▓.▓_


You could see an emperor scorpion and a culicivora.

Vanquished Creatures
  Kirke (D)
  A frost giant (D)
  A stone giant (D)
  A merfolk impaler (D)
  2 ettins (D)
  An entropy weaver (D)
  2 hydras (D)
  2 ogre magi (D)
  3 centaur warriors (D)
  Erica (D)
  An orc high priest (D)
  Sonja (D)
  A skeletal warrior (D)
  2 pharaoh ants (D)
  A flayed ghost (D)
  7 orc knights (D)
  An ugly thing (D)
  A cyclops (D)
  A manticore (D)
  A merfolk siren (D)
  8 elephants (D)
  A black mamba (D)
  A cane toad (D)
  An unseen horror (D)
  A komodo dragon (D)
  A kobold demonologist (D)
  A tengu conjurer (D)
  A troll (D)
  2 merfolk (D)
  A dream sheep (D)
  A shadow (D)
  4 yaks (D)
  3 hogs (D)
  A redback (D)
  2 water moccasins (D)
  15 orc warriors (D)
  A wolf (D)
  3 centaurs (D)
  3 bullfrogs (D)
  A scorpion (D)
  A wight (D)
  A killer bee (D)
  A jelly (D)
  An orc wizard (D)
  An ufetubus (D)
  12 orcs (D)
  A giant cockroach (D)
  A hobgoblin (D)
  A goblin (D)
  2 rats (D)
106 creatures vanquished.

Vanquished Creatures (collateral kills)
  An ettin (D)
  A sea snake (D)
  An orc knight (D)
  An elephant (D)
  A merfolk siren (D)
  A cane toad (D)
  An efreet (D)
  A water elemental (D)
  A wolf (D)
  An orc priest (D)
  An orc wizard (D)
  An orc (D)
12 creatures vanquished.

Vanquished Creatures (others)
  A hydra (D)
  An ogre mage (D)
  2 humans (D)
  8 battlemagi (D)
12 creatures vanquished.

Grand Total: 130 creatures vanquished

Notes
Turn   | Place    | Note
-------+----------+-------------------------------------------
     0 | D        | retardedninja the Coglin Fighter began the quest for the
                  | Orb.
     0 | D        | Reached XP level 1. HP: 18/18 MP: 1/1
    36 | D        | Noticed a jelly
    36 | D        | Noticed a scorpion
    40 | D        | Killed a jelly
    41 | D        | Reached skill level 3 in Axes
    41 | D        | Reached XP level 2. HP: 18/26 MP: 2/2
    41 | D        | Reached XP level 3. HP: 21/31 MP: 3/3
    52 | D        | Killed a scorpion
    53 | D        | Reached skill level 5 in Fighting
    53 | D        | Reached skill level 4 in Axes
    53 | D        | Reached skill level 1 in Maces & Flails
    53 | D        | Reached XP level 4. HP: 29/39 MP: 4/4
   286 | D        | Found a roughly hewn altar of Beogh.
   286 | D        | Found a snail-covered altar of Cheibriados.
   286 | D        | Found a shadowy altar of Dithmenos.
   286 | D        | Found a white marble altar of Elyvilon.
   286 | D        | Found a blossoming altar of Fedhas.
   286 | D        | Found an opulent altar of Gozag.
   287 | D        | Found a hazy altar of Hepliaklqana.
   288 | D        | Found a viscous altar of Jiyva.
   289 | D        | Found an ancient bone altar of Kikubaaqudgha.
   290 | D        | Found a corrupted altar of Lugonu.
   291 | D        | Found a burning altar of Makhleb.
   292 | D        | Found a sparkling altar of Nemelex Xobeh.
   293 | D        | Found an iron altar of Okawaru.
   294 | D        | Found a stormy altar of Qazlal.
   295 | D        | Found a sacrificial altar of Ru.
   296 | D        | Found a shimmering blue altar of Sif Muna.
   297 | D        | Found a bloodstained altar of Trog.
   298 | D        | Found a hide-covered altar of Uskayaw.
   299 | D        | Found a radiant altar of Vehumet.
   300 | D        | Found an ornate altar of the Wu Jian Council.
   307 | D        | Became a worshipper of Hepliaklqana the Forgotten
   314 | D        | Found a shimmering altar of Xom.
   315 | D        | Found a basalt altar of Yredelemnul.
   316 | D        | Found a glowing silver altar of Zin.
   317 | D        | Found a glowing golden altar of the Shining One.
   345 | D        | Upgraded the game from 0.32-a0-918-g0f22ef8d61 to
                  | 0.32-a0-928-g1cae6b7ea0
   398 | D        | Noticed a centaur
   398 | D        | Noticed a centaur
   398 | D        | Noticed a centaur
   401 | D        | Killed an unseen horror
   402 | D        | Reached skill level 6 in Axes
   402 | D        | Reached skill level 1 in Dodging
   402 | D        | Reached XP level 5. HP: 6/48 MP: 5/5
   402 | D        | Reached XP level 6. HP: 7/55 MP: 6/6
   405 | D        | Reached skill level 7 in Axes
   405 | D        | Reached skill level 5 in Shields
   409 | D        | Reached XP level 7. HP: 21/61 MP: 7/7
   411 | D        | Reached skill level 1 in Long Blades
   413 | D        | Reached skill level 8 in Axes
   852 | D        | Noticed a shadow
   852 | D        | Noticed a troll
   852 | D        | Noticed a centaur warrior
   852 | D        | Noticed a skeletal warrior
   852 | D        | Noticed a six-headed hydra
   852 | D        | Noticed a kobold demonologist
   853 | D        | Killed a shadow
   856 | D        | Killed a troll
   857 | D        | Reached skill level 9 in Axes
   857 | D        | Reached XP level 8. HP: 61/70 MP: 8/8
   860 | D        | Killed a six-headed hydra
   861 | D        | Reached skill level 10 in Axes
   863 | D        | Killed a centaur warrior
   863 | D        | Killed a kobold demonologist
   864 | D        | Reached skill level 10 in Fighting
   864 | D        | Reached skill level 11 in Axes
   864 | D        | Reached skill level 5 in Maces & Flails
   864 | D        | Reached skill level 1 in Stealth
   864 | D        | Reached XP level 9. HP: 41/78 MP: 9/9
   867 | D        | Killed a skeletal warrior
   868 | D        | Reached skill level 5 in Long Blades
   868 | D        | Reached skill level 10 in Armour
  1186 | D        | Reached * piety under Hepliaklqana
  1245 | D        | Reached ** piety under Hepliaklqana
  1246 | D        | Remembered your ancestor Unuqoh as a battlemage
  1300 | D        | Noticed an elephant
  1306 | D        | Noticed a cane toad
  1307 | D        | Reached skill level 12 in Axes
  1307 | D        | Reached XP level 10. HP: 70/77 MP: 10/10
  1313 | D        | Killed an elephant
  1314 | D        | Reached skill level 5 in Evocations
  1317 | D        | Killed a cane toad
  1445 | D        | Noticed a seven-headed hydra
  1445 | D        | Noticed a black mamba
  1459 | D        | Killed a 12-headed hydra
  1467 | D        | Noticed a cane toad
  1471 | D        | Killed a black mamba
  1473 | D        | Reached skill level 13 in Axes
  1480 | D        | Killed a cane toad
  1621 | D        | Noticed an elephant
  1621 | D        | Noticed an elephant
  1621 | D        | Noticed an elephant
  1621 | D        | Noticed an elephant
  1621 | D        | Noticed an elephant
  1621 | D        | Noticed an elephant
  1624 | D        | Killed an elephant
  1625 | D        | Reached XP level 11. HP: 75/85 MP: 11/11
  1636 | D        | Reached skill level 14 in Axes
  2021 | D        | Reached *** piety under Hepliaklqana
  2082 | D        | Reached **** piety under Hepliaklqana
  2101 | D        | Noticed an orc knight
  2108 | D        | Killed an orc knight
  2109 | D        | Reached skill level 10 in Long Blades
  2381 | D        | Noticed an orc high priest
  2394 | D        | Killed an orc high priest
  2395 | D        | Reached skill level 15 in Axes
  2685 | D        | Found Iryleymm's Distillery.
  2685 | D        | Noticed an orc knight
  2685 | D        | Noticed an orc knight
  2685 | D        | Noticed an orc knight
  2685 | D        | Noticed an orc knight
  2689 | D        | Killed an orc knight
  2692 | D        | Killed an orc knight
  2694 | D        | Noticed an orc knight
  2696 | D        | Killed an orc knight
  2716 | D        | Killed an orc knight
  2889 | D        | Killed an orc knight
  2890 | D        | Reached XP level 12. HP: 48/95 MP: 12/12
  3334 | D        | Found Foepremo's Book Shoppe.
  3338 | D        | Found Woringoi's Antique Weapon Emporium.
  3342 | D        | Found Doxoti's Weapon Shoppe.
  3497 | D        | Reached skill level 1 in Invocations
  3708 | D        | Bought the +9 sword of Zonguldrok {reap} for 960 gold
                  | pieces
  3708 | D        | Found the +9 sword of Zonguldrok {reap}
  3741 | D        | Noticed Erica
  3747 | D        | Killed Erica
  3748 | D        | Reached skill level 16 in Axes
  4207 | D        | Noticed Sonja
  4208 | D        | Killed Sonja
  4383 | D        | Reached ***** piety under Hepliaklqana
  4463 | D        | Got the +12 morningstar "Goblinbane" {freeze, rPois rF++
                  | rCorr Str-4}
  4509 | D        | Noticed a centaur warrior
  4509 | D        | Noticed a four-headed hydra
  4509 | D        | Noticed an ogre mage
  4509 | D        | Noticed a centaur warrior
  4509 | D        | Noticed an ogre mage
  4511 | D        | Killed a centaur warrior
  4513 | D        | Killed a five-headed hydra
  4518 | D        | Killed an ogre mage
  4519 | D        | Noticed an ogre mage
  4521 | D        | Killed a centaur warrior
  4522 | D        | Killed an ogre mage
  4522 | D        | Noticed a stone giant
  4524 | D        | Reached skill level 15 in Fighting
  4526 | D        | Noticed an ettin
  4529 | D        | Noticed an ettin
  4529 | D        | Killed a stone giant
  4533 | D        | Paralysed by something for 2 turns
  4536 | D        | Noticed a frost giant
  4537 | D        | Killed an ogre mage
  4539 | D        | HP: 4/99 [flayed ghost (5)]
  4665 | D        | Killed a frost giant
  5205 | D        | Killed an ettin
  5206 | D        | Reached skill level 17 in Axes
  5366 | D        | Killed an ettin
  5367 | D        | Reached XP level 13. HP: 55/104 MP: 13/13
  5632 | D        | Noticed an ettin
  5640 | D        | Killed an ettin
  5818 | D        | Noticed Kirke
  5822 | D        | Reached skill level 15 in Armour
  5827 | D        | Killed Kirke
  5890 | D        | Noticed a merfolk impaler
  5985 | D        | Killed a merfolk impaler
  6368 | D        | Noticed an entropy weaver
  6370 | D        | Noticed an emperor scorpion
  6379 | D        | Killed an entropy weaver
  6381 | D        | Reached skill level 18 in Axes
  6392 | D        | Slain by an emperor scorpion

Illustrated notes

Levels and vault maps discovered:
D:        linesprint [early_d, line_temple, items_1, d_10, items_2, lair_1,
          lair_end, items_3, orc_1, orc_end, items_4, d_15, swamp_1, shoals_1,
          snake_1, spider_1, d_20, vaults_1, items_5, swamp_end, shoals_end,
          snake_end, spider_end, vaults_end, d_27, items_6, zot_1, zot_end,
          crypt_end, forest_end, elf_end, slime_end, tomb_end, abyss_end,
          pan_hell_end]

Skill      XL: |  1  2  3  4  5  6  7  8  9 10 11 12 13 |
---------------+----------------------------------------+-----
Armour         | 4 6 7 8 9 10 12 13 14 15 | 15.6
Fighting       | 4 5 7 8 10 12 13 15 16 | 16.5
Axes           | 3 4 6 7 9 11 12 13 15 17 18 | 18.0
Shields        | 3 4 5 7 8 |  8.7
Maces & Flails | 1 2 3 4 5 8 9 |  9.8
Dodging        | 1 2 3 4 |  4.2
Long Blades    | 2 4 6 8 11 | 11.9
Evocations     | 3 4 6 7 |  7.1
Stealth        | 1 2 3 4 |  4.0
Invocations    | 1 |  1.0

Action                     |  1- 3 |  4- 6 |  7- 9 | 10-12 | 13-15 || total
---------------------------+-------+-------+-------+-------+-------++-------
  Melee: War axe           |    27 |       |       |       |       ||    27
         Club              |    14 |       |       |       |       ||    14
         Broad axe         |       |     8 |    19 |   150 |    34 ||   211
         Scimitar          |       |     7 |    15 |    88 |       ||   110
         Morningstar       |       |       |       |    20 |    35 ||    55
         Double sword      |       |       |       |     2 |       ||     2
 Invoke: Ancestor Life: Ba |       |       |     1 |       |       ||     1
         Idealise          |       |       |       |     2 |     1 ||     3
         Recall Ancestor   |       |       |       |       |     1 ||     1
  Evoke: Wand              |       |       |     7 |     5 |     3 ||    15
    Use: Potion            |     1 |     1 |     2 |    13 |     1 ||    18
         Scroll            |       |       |     6 |     4 |     2 ||    12
   Stab: Invisible         |       |       |     1 |       |       ||     1
         Distracted        |       |       |       |     1 |     1 ||     2
         Paralysed         |       |       |       |     1 |     7 ||     8
 Armour: Scale mail        |    27 |       |       |       |       ||    27
         Chain mail        |       |    19 |    36 |    93 |       ||   148
         Plate armour      |       |       |       |    87 |    53 ||   140
  Dodge: Dodged            |    11 |     4 |    14 |    46 |    12 ||    87

Table legend: (Time is in decaauts)
 A = Elapsed time spent in this place.
 B = Non-inter-level travel time spent in this place.
 C = Inter-level travel time spent in this place.
 D = Time resting spent in this place.
 E = Time spent auto-exploring this place.
 F = Levels seen in this place.
 G = Mean time per level.
                   A        B        C        D        E       F      G
               +--------+--------+--------+--------+--------+-----+--------+
         Total |   6428 |   6363 |     65 |   3894 |    623 |   1 | 6428.0 |
       Dungeon |   6428 |   6363 |     65 |   3894 |    623 |   1 | 6428.0 |
               +--------+--------+--------+--------+--------+-----+--------+

Top non-repeatable levels by time:
       D: 6428 daAuts
